 Dungeon Sprint DCSS version 0.30-a0-1043-g60ff8d5f49 (webtiles) character file.

Game seed: 14621591826195235519

210 Danienth the Firebug (level 5, -4/37 HPs)
             Began as a Demonspawn Fire Elementalist on Apr 9, 2023.
             Killed from afar by a deep elf pyromancer (6 damage)
             ... with a sticky flame
             ... in the Dungeon (Sprint III: "The Ten Rune Challenge").
             The game lasted 00:07:04 (371 turns).

Danienth the Firebug (Demonspawn Fire Elementalist)  Turns: 371, Time: 00:07:08

Health: -4/37      AC:  2    Str: 10    XL:     5   Next: 56%
Magic:  5/13       EV: 13    Int: 16    God:
Gold:   14         SH:  0    Dex: 14    Spells: 9/15 levels left

rFire   . . .      SeeInvis .    (no weapon)
rCold   . . .      Faith    .    (no shield)
rNeg    . . .      Spirit   .    a - +0 robe
rPois   .          Reflect  .    (no helmet)
rElec   .          Rampage  .    (no cloak)
rCorr   .          NoTele   +    (no gloves)
Will    .....                    (no boots)
Stlth   +                        (no amulet)
HPRegen 0.26/turn                (no ring)
MPRegen 0.26/turn                (no ring)

@: on fire, glowing
A: magic regeneration
a: no special abilities


You were in the Dungeon.
You visited 1 branch You collected 14 gold pieces.

Inventory:

Missiles
 h - 6 stones (quivered)
Armour
 a - a +0 robe (worn)
Scrolls
 g - a scroll of blinking
Potions
 b - 2 potions of magic
 c - a potion of curing
 d - a potion of heal wounds
 e - a potion of haste
 f - a potion of berserk rage


   Skills:
 + Level 1.6 Fighting
 + Level 3.7 Dodging
 + Level 3.6 Stealth
 + Level 5.5 Spellcasting
 + Level 3.7 Conjurations
 + Level 7.5 Fire Magic


You had 9 spell levels left.
You knew the following spells:

 Your Spells              Type           Power      Damage    Failure   Level
a - Foxfire               Conj/Fire      88%        2x1d8     1%          1
b - Scorch                Fire           56%        2d7       1%          2
c - Volatile Blastmotes   Fire/Tloc      32%        2d12      9%          3

Your spell library contained the following spells:

 Spells                   Type           Power      Damage    Failure   Level
 Inner Flame              Hex/Fire       16%        N/A       9%          3
 Flame Wave               Conj/Fire      22%        2d8       14%         4
 Fulminant Prism          Conj/Hex       5%         3d6       54%         4
 Iskenderun's Mystic Bla  Conj/Tloc      10%        2d4       54%         4
 Passage of Golubria      Tloc           4%         N/A       82%         4
 Lee's Rapid Deconstruct  Erth           2%         3d4*      99%         5
 Silence                  Hex/Air        2%         N/A       99%         5
 Lehudib's Crystal Spear  Conj/Erth      5%         10d3      100%        8


Dungeon Overview and Level Annotations

Branches:
Dungeon (1/1)

Altars:
Kikubaaqudgha
Sif Muna
Vehumet


Innate Abilities, Weirdness & Mutations

You regenerate magic rapidly.


Message History

The deep elf pyromancer is lightly wounded.
The foxfire hits the deep elf pyromancer.
The deep elf pyromancer is lightly wounded.
Your foxfire dissipates! x2
Casting: Foxfire (safe; 1% risk of failure)
Confirm with . or Enter, or press ? or * to list all spells.
You conjure some foxfire!
Casting: Foxfire (safe; 1% risk of failure)
Confirm with . or Enter, or press ? or * to list all spells.
You conjure some foxfire!
Casting: Foxfire (safe; 1% risk of failure)
Confirm with . or Enter, or press ? or * to list all spells.
You conjure some foxfire!
The foxfire hits the deep elf pyromancer!
The deep elf pyromancer is moderately wounded.
Your foxfire dissipates!
The foxfire hits the deep elf pyromancer.
The deep elf pyromancer is moderately wounded.
The foxfire hits the deep elf pyromancer.
The deep elf pyromancer is moderately wounded.
Your foxfire dissipates!
The deep elf pyromancer gestures wildly while chanting.
The deep elf pyromancer casts a spell at you.
The sticky flame hits you!
You are covered in liquid flames!
There is an open door to the Ecumenical Temple here.
Casting: Foxfire (safe; 1% risk of failure)
Confirm with . or Enter, or press ? or * to list all spells.
You conjure some foxfire!
You are covered in liquid flames!
* * * LOW HITPOINT WARNING * * *
The foxfire hits the fire elemental.
The fire elemental completely resists.
You are covered in liquid flames!
* * * LOW HITPOINT WARNING * * *
You are no longer on fire.
The foxfire hits the fire elemental.
The fire elemental completely resists.
The deep elf pyromancer points at you and mumbles some strange words.
The sticky flame hits you.
You are covered in liquid flames!
You die...

▓ ▓▓▓▓▓▓▓ ▓▓▓ # +...♣.♣
♣.##### # #....♣♣♣ ♣.#_§§#
####....♣.♣ ♣♣.#!§○#
...#....~.♣ ♣..###E#+###+#
...#...~~.♣♣♣♣.#@e°.......
...#..~~†~..♣..'E⌠........
##)#..~≈≈~~~...#...######+
...#.~~≈~~~....#.⌠.#
...#.~≈~~~.....#.).#
...#.~~~.......#)###
####...........#...#
...............#___#
▓▓▓▓▓▓▓▓▓▓▓▓▓▓▓▓▓▓▓▓


You could see a deep elf pyromancer and 2 fire elementals.

Vanquished Creatures
  A water elemental (D)
  A scorpion (D)
  Jessica (D)
  A wizard (D)
  A human (D)
  A kobold demonologist (D)
  2 endoplasms (D)
  A rat (D)
9 creatures vanquished.

Vanquished Creatures (others)
  65 foxfires (D)
65 creatures vanquished.

Grand Total: 74 creatures vanquished

Notes
Turn   | Place    | Note
-------+----------+-------------------------------------------
     0 | D        | Danienth the Demonspawn Fire Elementalist began the quest
                  | for the Orb.
     0 | D        | Reached XP level 1. HP: 13/13 MP: 3/3
     6 | D        | Reached skill level 3 in Fire Magic
    40 | D        | Noticed Jessica
    49 | D        | Killed Jessica
    50 | D        | Reached skill level 4 in Fire Magic
    50 | D        | Gained mutation: You regenerate magic rapidly. [demonic
                  | ancestry]
    50 | D        | Reached XP level 2. HP: 11/19 MP: 1/6
    50 | D        | Reached XP level 3. HP: 14/24 MP: 1/7
    92 | D        | Learned a level 2 spell: Scorch
    96 | D        | Learned a level 3 spell: Volatile Blastmotes
   121 | D        | Reached skill level 5 in Fire Magic
   206 | D        | Noticed a scorpion
   214 | D        | Killed a scorpion
   215 | D        | Reached skill level 1 in Fighting
   215 | D        | Reached skill level 6 in Fire Magic
   215 | D        | Reached XP level 4. HP: 32/32 MP: 3/10
   260 | D        | Noticed a water elemental
   268 | D        | Killed a water elemental
   269 | D        | Reached skill level 5 in Spellcasting
   269 | D        | Reached skill level 7 in Fire Magic
   269 | D        | Reached XP level 5. HP: 23/37 MP: 7/12
   328 | D        | Found a radiant altar of Vehumet.
   328 | D        | Found a shimmering blue altar of Sif Muna.
   328 | D        | Found an ancient bone altar of Kikubaaqudgha.
   333 | D        | Noticed a chaos spawn
   339 | D        | Noticed a hellwing
   359 | D        | Noticed a deep elf pyromancer
   369 | D        | Noticed a fire elemental
   371 | D        | Noticed a fire elemental
   371 | D        | Killed from afar by a deep elf pyromancer

Illustrated notes

Levels and vault maps discovered:
D:        dungeon_sprint_mu [sprint_mu_entry_forest, sprint_mu_temple_rooms,
          sprint_mu_d1_spiders, sprint_mu_d2_genie, sprint_mu_d3_branching,
          sprint_mu_orc_legion, sprint_mu_elf_gauntlet, sprint_mu_hive_nellie,
          sprint_mu_lair_fedhas, sprint_mu_vaults_butterflies,
          sprint_mu_slime_circle, sprint_mu_swamp_cave, sprint_mu_snake_twists,
          sprint_mu_blade_basic, sprint_mu_crypt_fortress,
          sprint_mu_tomb_spiral, sprint_mu_vestibule_basic,
          sprint_mu_gehenna_hellfire, sprint_mu_dis_giant,
          sprint_mu_tartarus_statrot, sprint_mu_cocytus_islands, sprint_mu_zot1]

Skill      XL: |  1  2  3  4 |
---------------+-------------+-----
Fire Magic     | 4 6 7 |  7.5
Dodging        | 2 3 |  3.7
Stealth        | 2 3 |  3.6
Spellcasting   | 3 4 5 |  5.5
Fighting       | 1 |  1.6
Conjurations   | 2 3 |  3.7

Action                     |  1- 3 |  4- 6 || total
---------------------------+-------+-------++-------
  Melee: Unarmed           |     4 |     1 ||     5
  Throw: Stone             |     2 |       ||     2
   Cast: Foxfire           |    21 |    22 ||    43
         Scorch            |       |     1 ||     1
    Use: Potion            |     1 |       ||     1
 Armour: Robe              |     1 |       ||     1
  Dodge: Dodged            |     2 |     2 ||     4

Table legend: (Time is in decaauts)
 A = Elapsed time spent in this place.
 B = Non-inter-level travel time spent in this place.
 C = Inter-level travel time spent in this place.
 D = Time resting spent in this place.
 E = Time spent auto-exploring this place.
 F = Levels seen in this place.
 G = Mean time per level.
                   A        B        C        D        E       F      G
               +--------+--------+--------+--------+--------+-----+--------+
         Total |    372 |    274 |     98 |    170 |      3 |   1 |  372.0 |
       Dungeon |    372 |    274 |     98 |    170 |      3 |   1 |  372.0 |
               +--------+--------+--------+--------+--------+-----+--------+

Top non-repeatable levels by time:
       D: 372 daAuts
